 Dungeon Crawl Stone Soup version 0.14-a0-2644-gcc8e764 (webtiles) character file.

70 Psiweapon the Vexing (level 3, 0/24 HPs)
             Began as a Vampire Enchanter on Feb 16, 2014.
             Slain by an orc priest
             ... wielding a +2,+2 orcish dagger
              (5 damage)
             ... on Level 3 of the Dungeon.
             The game lasted 00:07:01 (2263 turns).

Psiweapon the Vexing (Vampire Enchanter)            Turns: 2263, Time: 00:07:02

HP   0/24        AC  3     Str  8      XL: 3   Next: 12%
MP   0/6         EV 13     Int 17      God:
Gold 37          SH  0     Dex 14      Spells:  3 memorised,  0 levels left

rFire  . . .     SeeInvis +     a - +1 dagger
rCold  + + .     Clarity  .     b - +1 robe
rNeg   + + +     Conserve .     (no shield)
rPois  +         rCorr    .     (no helmet)
rElec  .         rRot     +     (no cloak)
SustAb . .       Spirit   .     (no gloves)
rMut   .         Warding  .     (no boots)
Saprov . . .     Stasis   .     (no amulet)
MR     .....                    (no ring)
                                (no ring)

@: regenerating slowly, not resistant to hostile enchantments, stealthy
A: fangs 3, see invisible, unbreathing
a: Bat Form


You were on level 3 of the Dungeon.
You were near bloodless.

You visited 1 branch of the dungeon, and saw 3 of its levels.

You collected 37 gold pieces.

Inventory:

Hand weapons
 a - a +1,+1 dagger (weapon)
Missiles
 d - 29 darts (quivered)
Armour
 b - a +1 robe (worn)
Scrolls
 f - a scroll of identify {unknown}
 j - a scroll of recharging {unknown}
 k - a scroll of enchant weapon I {unknown}
 n - 2 scrolls of remove curse {unknown}
 o - a scroll of enchant weapon II {unknown}
 p - a scroll of blinking {unknown}
Potions
 e - a potion of coagulated blood
 g - a potion of might {unknown}
 h - a potion of mutation {unknown}
 i - a potion of heal wounds {unknown}
 l - a potion of resistance {unknown}
Books
 c - a book of Maledictions

   Spells                             Type                      Level
   *Corona                            Hexes                        1
   Sure Blade                         Hexes/Charms                 2
   *Ensorcelled Hibernation           Hexes/Ice                    2
   *Confuse                           Hexes                        3
   Enslavement                        Hexes                        4
   Invisibility                       Hexes                        6


   Skills:
 + Level 1.9 Short Blades
 - Level 1.0 Throwing
 + Level 2.8 Dodging
 + Level 3.6 Stealth
 - Level 2.0 Spellcasting
 + Level 4.8 Hexes


You couldn't memorise any spells.
You knew the following spells:

 Your Spells              Type           Power        Failure   Level  Hunger
a - Corona                Hex            ###....      2%          1    #......
b - Ensorcelled Hibernat  Hex/Ice        #.....       14%         2    ###....
c - Confuse               Hex            ###.....     10%         3    ####...


Dungeon Overview and Level Annotations

Branches:
Dungeon (3/16)

Altars:


Innate Abilities, Weirdness & Mutations

You heal slowly.
You have razor-sharp teeth.*
You have supernaturally acute eyesight.
You can survive without breathing.*


Message History

Press: ? - help, Shift-Dir - straight line, f - orc priest
Aim: an orc priest, wielding an orcish dagger The orc priest resists.
The orc priest closely misses you.
Casting: Ensorcelled Hibernation
Confirm with . or Enter, or press ? or * to list all spells.
Aiming: Ensorcelled Hibernation
Press: ? - help, Shift-Dir - straight line, f/p - orc priest
Aim: an orc priest, wielding an orcish dagger The orc priest resists.
The orc hits you.
* * * LOW HITPOINT WARNING * * *
The orc priest hits you with an orcish dagger.
* * * LOW HITPOINT WARNING * * *
Casting: Ensorcelled Hibernation
Confirm with . or Enter, or press ? or * to list all spells.
Aiming: Ensorcelled Hibernation
Press: ? - help, Shift-Dir - straight line, f/p - orc priest
Aim: an orc priest, wielding an orcish dagger The orc priest resists.
The orc completely misses you.
The orc priest hits you with an orcish dagger.
You die...

### ....####
.....## #.
....# .#..#
#..#
.......##..###
#.o@....#
.....o.o.>.#.#
....o.....#.#
......#####.#
.##### #.#
##.####
#.....#
#..##.# #...#
#


You could see an orc priest, an orc wizard and 2 orcs.

Vanquished Creatures
  2 oozes
  2 ball pythons (D:1)
  A bat (D:1)
  4 giant cockroaches
  4 goblins
  A hobgoblin (D:2)
  3 jackals (D:2)
  A giant gecko (D:2)
  4 giant newts (D:1)
  3 kobolds
  7 rats
32 creatures vanquished.

Notes
Turn   | Place    | Note
--------------------------------------------------------------
     0 | D:1      | Psiweapon, the Vampire Enchanter, began the quest for the Orb.
     0 | D:1      | Reached XP level 1. HP: 13/13 MP: 3/3
   252 | D:2      | Reached skill level 1 in Throwing
   252 | D:2      | Reached XP level 2. HP: 19/19 MP: 4/4
   343 | D:1      | Learned a level 2 spell: Ensorcelled Hibernation
  1381 | D:2      | Reached XP level 3. HP: 10/24 MP: 0/6
  1725 | D:2      | Learned a level 3 spell: Confuse
  2263 | D:3      | Slain by an orc priest

Action                   || total
-------------------------++-------
Melee: Dagger            ||   109
 Cast: Ensorcelled Hiber ||    13
       Corona            ||     1
 Stab: Sleeping          ||    10
